 Dungeon Crawl Stone Soup version 0.28-a0-1613-gdaab1c2f9b (webtiles) character file.

Game seed: 11906453952308906232

452 jfcaron the Magician (level 7, -8/45 HPs)
             Began as a Djinni Fire Elementalist on Jan 22, 2022.
             Mangled by Prince Ribbit (15 damage)
             ... on level 4 of the Dungeon.
             The game lasted 00:09:34 (4418 turns).

jfcaron the Magician (Djinni Fire Elementalist)     Turns: 4418, Time: 00:09:34

Health: -8/45      AC:  4    Str:  7    XL:     7   Next: 25%
Gold:   95         EV: 12    Int: 18    God:
                   SH:  0    Dex: 14

rFire   + + .      SeeInvis .   f - +1 dagger (freeze)
rCold   x . .      Faith    .   (no shield)
rNeg    . . .      Spirit   .   a - +0 robe
rPois   ∞          Reflect  .   i - +1 hat
rElec   .          Harm     .   (no cloak)
rCorr   .          Rampage  .   n - +0 pair of gloves
Will    .....                   (boots unavailable)
Stlth   ++........              (no amulet)
HPRegen 0.15/turn               (no ring)
MPRegen 0.00/turn               (no ring)

@: flying
A: sickness immunity, fire resistance 2, cold vulnerability 1, float, innate
caster, hp casting, extra vitality 1
a: no special abilities


You were on level 4 of the Dungeon.
You visited 1 branch of the dungeon, and saw 5 of its levels.

You collected 95 gold pieces.

Inventory:

Hand Weapons
 f - a +1 dagger of freezing (weapon)
Missiles
 c - 18 sling bullets
 g - 117 stones
 j - a throwing net {!f}
 m - 13 bolts
 p - 46 arrows
Armour
 a - a +0 robe (worn)
 i - a +1 hat (worn)
 n - a +0 pair of gloves (worn)
Wands
 k - a wand of flame (20)
Scrolls
 h - a scroll of fog
 l - a scroll of fear {unknown}
 o - a scroll of enchant armour {unknown}
Potions
 b - 2 potions of degeneration {unknown}
 d - a potion of brilliance {unknown}
 e - 4 potions of curing
 q - a potion of haste {unknown}
 r - a potion of might {unknown}


   Skills:
 + Level 0.0 Fighting
 - Level 2.1 Dodging
 - Level 1.5 Stealth
 + Level 6.0 Spellcasting


You couldn't memorise any spells.
You knew the following spells:

 Your Spells              Type           Power      Damage    Failure   Level
a - Foxfire               Conj/Fire      100%       2x1d9     1%          1
b - Scorch                Fire           54%        2d8       1%          2
c - Conjure Flame         Conj/Fire      27%        6-21      3%          3
d - Inner Flame           Hex/Fire       27%        N/A       3%          3
e - Flame Wave            Conj/Fire      27%        2d7       10%         4
f - Apportation           Tloc           54%        N/A       1%          1
g - Call Imp              Summ           27%        N/A       1%          2
h - Ensorcelled Hibernat  Hex/Ice        54%        N/A       1%          2
Your spell library was empty.

Dungeon Overview and Level Annotations

Branches:
Dungeon (5/15)
 Temple: D:4-7

Altars:

Annotations:
D:4 1 transporter, Prince Ribbit; southernslant's ghost, amateur GrGl
D:5 Blork the orc


Innate Abilities, Weirdness & Mutations

You are immune to sickness and miasma.
You are immune to poison.
Your flesh is very heat resistant. (rF++)
You are vulnerable to cold. (rC-)
You float through the air rather than walking.
You learn spells naturally, not from books.
Your magical power is your life essence.
You have superior vitality. (+4 MHP)


Message History

The foxfire hits the hound.
The hound is lightly wounded.
Casting: Foxfire (safe; 1% risk of failure)
Confirm with . or Enter, or press ? or * to list all spells.
Flames lash the hound.
The hound is almost dead.
The hound's fire resistance burns away.
Unknown command.
Unknown command.
Casting: Scorch (safe; 1% risk of failure)
Confirm with . or Enter, or press ? or * to list all spells.
Flames lash the hound.
The hound is burned terribly!
You kill the hound!
Your Spellcasting skill increases to level 6!
Unknown command.
r - a fizzy white potion
There is a stone staircase leading down here.
You fly downwards.
Level annotation: Blork the orc
There is a stone staircase leading up here.
Casting: Scorch (safe; 1% risk of failure)
Confirm with . or Enter, or press ? or * to list all spells.
Flames lash Prince Ribbit.
Prince Ribbit gives a loud, deep croak!
Prince Ribbit is moderately wounded.
Prince Ribbit's fire resistance burns away.
Prince Ribbit hits you. Prince Ribbit hits you!!
You fly upwards.
Level annotation: 1 transporter, southernslant's ghost, amateur GrGl
There is a stone staircase leading down here.
Casting: Scorch (safe; 1% risk of failure)
Confirm with . or Enter, or press ? or * to list all spells.
You conjure some foxfire!
Prince Ribbit hits you!
* * * LOW HITPOINT WARNING * * *
The foxfire hits Prince Ribbit.
Prince Ribbit is burned terribly!
Prince Ribbit is moderately wounded.
The foxfire hits Prince Ribbit.
Prince Ribbit is burned terribly!
Prince Ribbit is heavily wounded.
Prince Ribbit hits you!
You die...

,,,,...........#....## *........
,,,,.................# **.<#.....
,,,,.................##*,,*##....
,,,,##..#.............##.,* #....
,,,*.....................#* #....
,,,*#..............###...# *#..##
,,,*#............#####...#*#..#*#
,,,,..........................,**
,,,,.#.........F@...###*.....,,,,
,,,,..........§...### *,***,,,,,
,,,,..............# **,* **,,,*
,,,,..............# *,,* *,,,,
,,,,.....#######..#* *,,* **,,,
,,,,.....*,,***....#***,** *,,,,
,,,,,...,,****,.....,,,,,** *,,,,
,,,,,,,*,,,**,,.###..***,,***,,,,
,,,,,******,,,,****,** **,,,,,,,,


You could see Prince Ribbit (combustible).

Vanquished Creatures
  A scorpion (D:5)
  2 hounds
  A bullfrog skeleton (D:4)
  2 iguanas
  Natasha (thrice) (D:3)
  A scorpion zombie (D:3)
  Ijyb (D:3)
  3 gnolls (D:2)
  3 adders
  3 worms
  A dart slug (D:4)
  3 ball pythons
  3 endoplasms
  3 giant cockroaches
  12 hobgoblins
  2 jackals (D:1)
  4 quokkas
  4 bats
  4 frilled lizards
  3 goblins
  11 kobolds
  7 rats
  194 foxfires
271 creatures vanquished.

Notes
Turn   | Place    | Note
-------+----------+-------------------------------------------
     0 | D:1      | jfcaron the Djinni Fire Elementalist began the quest for
                  | the Orb.
     0 | D:1      | Reached XP level 1. HP: 15/15 MP: 0/0
   256 | D:1      | Reached XP level 2. HP: 12/21 MP: 0/0
   502 | D:1      | Reached skill level 3 in Spellcasting
   727 | D:1      | Found a faded altar of an unknown god.
   740 | D:1      | Reached XP level 3. HP: 10/25 MP: 0/0
   740 | D:1      | Learned a level 1 spell: Apportation
  1352 | D:2      | Reached XP level 4. HP: 28/31 MP: 0/0
  1807 | D:2      | Reached skill level 4 in Spellcasting
  2299 | D:3      | Noticed Ijyb
  2307 | D:3      | Killed Ijyb
  2308 | D:3      | Reached XP level 5. HP: 22/35 MP: 0/0
  2308 | D:3      | Learned a level 2 spell: Call Imp
  2457 | D:3      | Noticed Natasha
  2461 | D:3      | Killed Natasha
  2714 | D:3      | Noticed Natasha
  2719 | D:3      | Killed Natasha
  2813 | D:3      | Reached XP level 6. HP: 11/40 MP: 0/0
  3141 | D:3      | Noticed Natasha
  3144 | D:3      | Killed Natasha
  3145 | D:3      | Reached skill level 5 in Spellcasting
  3641 | D:5      | Entered Level 5 of the Dungeon
  3874 | D:5      | Reached XP level 7. HP: 41/45 MP: 0/0
  3874 | D:5      | Learned a level 2 spell: Ensorcelled Hibernation
  4063 | D:5      | Noticed Blork the orc
  4084 | D:4      | Noticed southernslant's ghost (amateur GrGl)
  4084 | D:4      | Found a transporter.
  4400 | D:4      | Reached skill level 6 in Spellcasting
  4413 | D:5      | Noticed Prince Ribbit
  4417 | D:4      | HP: 6/45 [Prince Ribbit (13)]
  4418 | D:4      | Mangled by Prince Ribbit

Illustrated notes

Levels and vault maps discovered:
D:1:      dpeg_arrival_pits, layout_basic, hellmonk_ecumenical_altar_dog_temple,
          minmay_tromino_v2
D:2:      layout_loops_ring
D:3:      layout_rooms, corexii_hall_statues_l, uniq_natasha, uniq_ijyb
D:4:      layout_layer_cave, gammafunk_ghost_stat_death,
          eino_small_chamber_without_monster
D:5:      layout_basic, mainiacjoe_overflow_large_starburst, minitemple,
          moated_statue, hangedman_decor_points, uniq_blork_the_orc,
          uniq_prince_ribbit1

Skill      XL: |  1  2  3  4  5  6  7 |
---------------+----------------------+-----
Spellcasting   | 3 4 5 6 |  6.0
Dodging        | |  2.1
Stealth        | |  1.5

Action                   |  1- 3 |  4- 6 |  7- 9 || total
-------------------------+-------+-------+-------++-------
Melee: Unarmed           |     5 |       |       ||     5
       Dagger            |       |     1 |     1 ||     2
 Cast: Foxfire           |    45 |    68 |    14 ||   127
       Scorch            |     2 |    21 |     7 ||    30
       Conjure Flame     |       |     1 |       ||     1
       Call Imp          |       |       |     1 ||     1
       Ensorcelled Hiber |       |       |     1 ||     1
  Use: Scroll            |       |     6 |       ||     6
 Stab: Sleeping          |       |       |     1 ||     1
Armor: Robe              |       |     2 |       ||     2
Dodge: Dodged            |     4 |     2 |     6 ||    12

Table legend: (Time is in decaauts)
 A = Elapsed time spent in this place.
 B = Non-inter-level travel time spent in this place.
 C = Inter-level travel time spent in this place.
 D = Time resting spent in this place.
 E = Time spent auto-exploring this place.
 F = Levels seen in this place.
 G = Mean time per level.
                   A        B        C        D        E       F      G
               +--------+--------+--------+--------+--------+-----+--------+
         Total |   4419 |   4300 |    119 |   1809 |   1945 |   5 |  883.8 |
       Dungeon |   4419 |   4300 |    119 |   1809 |   1945 |   5 |  883.8 |
               +--------+--------+--------+--------+--------+-----+--------+

Top non-repeatable levels by time:
     D:3: 1380 daAuts
     D:1: 1186 daAuts
     D:2: 1056 daAuts
     D:5: 446 daAuts
     D:4: 349 daAuts
